 Dungeon Crawl Stone Soup version 0.27-a0-732-ga892ba84f6 (webtiles) character file.

Game seed: 12511407239240387713

4 CurlyBrace the Charlatan (level 1, 3/9 HPs)
             Began as a Felid Artificer on Mar 24, 2021.
             Quit the game on level 2 of the Dungeon.
             The game lasted 00:01:04 (121 turns).

CurlyBrace the Charlatan (Felid Artificer)           Turns: 121, Time: 00:01:04

Health: 3/9        AC:  1    Str:  8    XL:     1   Next: 50%
Magic:  2/2        EV: 18    Int: 12    God:
Gold:   33         SH:  0    Dex: 16    Spells: 0/0 levels left
                                        Lives:  0   Deaths: 0

rFire    . . .     SeeInvis +   (weapon unavailable)
rCold    . . .     Faith    .   (shield unavailable)
rNeg     . . .     Spirit   .   (armour unavailable)
rPois    .         Reflect  .   (helmet unavailable)
rElec    .         Harm     .   (cloak unavailable)
rCorr    .         Rampage  .   (gloves unavailable)
Will     .....                  (boots unavailable)
Stlth    ++........             (no amulet)
HPRegen  0.03/turn              (no ring)
MPRegen  0.08/turn              (no ring)

@: lethally poisoned (3 -> -30), quick
A: very small, claws 1, fangs 3, see invisible, speed 1, shaggy fur 1, stealthy
paws, no weapons or thrown items, no armour, multi-lived
a: no special abilities


You were on level 2 of the Dungeon.
You visited 1 branch of the dungeon, and saw 2 of its levels.

You collected 33 gold pieces.

Inventory:

Missiles
 d - a stone
Wands
 a - a wand of flame (15) (quivered)
 b - a wand of charming (15)
 c - a wand of random effects (14)
Potions
 q - a potion of curing


   Skills:
 * Level 1.2 Fighting
 - Level 3.2 Dodging
 + Level 1.6 Stealth
 * Level 0.4 Unarmed Combat
 - Level 3.2 Evocations


You couldn't memorise any spells.
You didn't know any spells.
Your spell library was empty.

Dungeon Overview and Level Annotations

Branches:
Dungeon (2/15)

Altars:

Annotations:
D:2 Robin


Innate Abilities, Weirdness & Mutations

You have sharp claws.
You have razor-sharp teeth.
You have supernaturally acute eyesight. (SInv)
You cover ground quickly. (Speed+)
You are covered in fur. (AC +1)
Your stealthy paws help you sneak and pounce on unaware monsters.
You are incapable of wielding weapons or throwing items.
You cannot wear armour.
You gain extra lives every three experience levels.


Message History

You hear a shout!
A bat comes into view.
Robin of the Strong Arm comes into view.
They are wielding a +0 spear, wearing a +2 helmet of intelligence and carrying a wand of flame (7).
Found a pair of boots.
The bat misses you.
An adder comes into view.
The bat misses you. The bat barely misses you.
The adder hisses angrily.
The bat barely misses you. The bat misses you.
Okay, then.
The bat closely misses you. x2
The bat barely misses you.
Found a runed mace.
You barely miss the bat. The bat completely misses you. The bat misses you.
The bat barely misses you.
Unknown command.
You scratch the bat but do no damage. The bat misses you. The bat hits you.
Unknown command.
You barely miss the bat. The bat completely misses you. The bat hits you.
Unknown command.
You scratch the bat.
The bat is heavily wounded.
The bat closely misses you. The bat misses you.
You miss the bat. You bite the bat.
You kill the bat!
You closely miss the adder. You bite the adder.
The adder is moderately wounded.
The adder bites you.
You are lethally poisoned!
The adder poisons you!
You are too injured to fight recklessly!
You are too injured to fight recklessly!
Aiming: Random Effects
Press: ? - help, Shift-Dir - straight line, f - adder
Aim: an adder (moderately wounded)
The adder twists and deforms.
You feel sick. The adder closely misses you.
The adder bites you but does no damage.
Are you sure you want to abandon this character and quit the game? (Confirm with "yes".)

#.# ..##### .#
#..#.) #.# ##....
#.# #.... #.# #...
#.# #..#
#######.## #@#
gbg.g....# #S#
######...### #g#
#.......# #.#
#...[g..# ##.#
#.......####.g##
..............#..#
#........#####..##
#.###..### #...#


You could see Robin, an adder (misshapen) and a goblin.

Vanquished Creatures
  A ball python (D:1)
  A bat (D:2)
  A frilled lizard (D:1)
  A rat (D:1)
4 creatures vanquished.

Notes
Turn   | Place    | Note
-------+----------+-------------------------------------------
     0 | D:1      | CurlyBrace the Felid Artificer began the quest for the Orb.
     0 | D:1      | Reached XP level 1. HP: 9/9 MP: 2/2
    94 | D:2      | Noticed Robin
   121 | D:2      | Quit the game

Illustrated notes

Levels and vault maps discovered:
D:1:      erik_arrival_orb_chamber, layout_loops_ring, minmay_tetromino_t2
D:2:      layout_loops_ring, chequers_ecumenical_altar_simple,
          minmay_snake_closets, uniq_robin, uniq_crazy_yiuf_cottage

Action                   || total
-------------------------++-------
Melee: Unarmed           ||    14
       Bite              ||     2
Evoke: Wand              ||     1
  Use: Potion            ||     1
 Stab: Sleeping          ||     1
Armor: Skin              ||     1
Dodge: Dodged            ||    23

Table legend: (Time is in decaauts)
 A = Elapsed time spent in this place.
 B = Non-inter-level travel time spent in this place.
 C = Inter-level travel time spent in this place.
 D = Time resting spent in this place.
 E = Time spent auto-exploring this place.
 F = Levels seen in this place.
 G = Mean time per level.
                   A        B        C        D        E       F      G
               +--------+--------+--------+--------+--------+-----+--------+
         Total |    101 |    101 |      0 |      0 |      0 |   2 |   50.5 |
       Dungeon |    101 |    101 |      0 |      0 |      0 |   2 |   50.5 |
               +--------+--------+--------+--------+--------+-----+--------+

Top non-repeatable levels by time:
     D:1: 75 daAuts
     D:2: 25 daAuts
